 Dungeon Crawl Stone Soup version 0.20.0-15-g7f486f2 (webtiles) character file.

26632 VajrapaniSR the Severer (level 13, -4/186 HPs)
             Began as a Minotaur Berserker on July 1, 2017.
             Was a High Priest of Trog.
             Slain by a hornet (7 damage)
             ... created by a shambling mangrove
             ... on level 1 of the Swamp.
             The game lasted 00:47:27 (4464 turns).

VajrapaniSR the Severer (Minotaur Berserker)        Turns: 4464, Time: 00:47:27

Health: -4/186     AC: 21    Str: 27    XL:     13   Next: 0%
Magic:  12/12      EV:  9    Int:  4    God:    Trog [*****.]
Gold:   269        SH:  0    Dex: 15    Spells: 12/12 levels left

rFire    . . .     SeeInvis .   a - +4 battleaxe
rCold    . . .     Gourm    .   (shield currently unavailable)
rNeg     . . .     Faith    .   g - +0 plate armour
rPois    .         Spirit   .   t - +2 hat
rElec    .         Reflect  .   (no cloak)
rCorr    .         Harm     .   C - +2 pair of gloves
MR       .....                  i - +0 pair of boots
Stlth    ..........             (no amulet)
Regen    0.5/turn               (no ring)
MPRegen  0.2/turn               (no ring)

@: berserking, lethally poisoned (-4 -> -34), very quick
A: retaliatory headbutt, horns 2, talons 1
a: Berserk, Trog's Hand, Brothers in Arms, Burn Spellbooks, Renounce Religion


You were on level 1 of the Swamp.
You worshipped Trog.
Trog was extremely pleased with you.
You were very hungry.

You visited 3 branches of the dungeon, and saw 18 of its levels.

You collected 269 gold pieces.

Inventory:

Hand Weapons
 a - a +4 battleaxe (weapon)
 b - a +1 scimitar of flaming
 h - a +0 war axe
Armour
 g - a +0 plate armour (worn)
 i - a +0 pair of boots (worn)
 t - a +2 hat (worn)
 C - a +2 pair of gloves (worn)
Jewellery
 f - an uncursed ring of fire
Wands
 l - a wand of confusion (42/48)
 m - a wand of disintegration (14/24)
 o - a wand of acid (7/15)
 p - a wand of flame (28/48)
 s - a wand of paralysis (9/24)
 G - a wand of random effects (28/48)
Scrolls
 r - 2 scrolls of teleportation
 u - 4 scrolls of immolation
 w - a scroll of fog
 E - 3 scrolls of remove curse
Potions
 d - a potion of might {unknown}
 e - a potion of brilliance {unknown}
 j - 3 potions of curing
 k - 4 potions of heal wounds {unknown}
 n - a potion of lignification {unknown}
 v - 2 potions of haste {unknown}
 x - a potion of agility {unknown}
 z - a potion of cancellation {unknown}
Books
 A - a book of Cantrips (quivered)

   Spells                             Type                      Level
   a - Confusing Touch                Hexes                        1
   b - Animate Skeleton               Necromancy                   1
   c - Summon Small Mammal            Summoning                    1
   d - Apportation                    Translocation                1
   Trog disapproves of the use of such an item.
Comestibles
 c - 5 bread rations
 q - a royal jelly
 D - 2 fruits
 F - 3 meat rations


   Skills:
 + Level 14.2 Fighting
 * Level 18.9 Axes
 + Level 9.4 Armour
 - Level 2.1 Dodging


You had 12 spell levels left.
You didn't know any spells.

Dungeon Overview and Level Annotations

Branches:
Dungeon (13/15)            Temple (0/1) D:6            Lair (4/6) D:9
  Swamp (1/4) Lair:2        Snake (0/4) Lair:4          Orc (0/2) D:12
 Vaults: D:13-14

Altars:
Nemelex Xobeh
Vehumet
Zin

Shops:
D:6 }

Annotations:
D:8 mifi ghost, PeterLawrence's ghost, novice MiFi
D:12 exclusion: downstairs
D:13 sonja + lots of stuff, Sonja; Urug


Innate Abilities, Weirdness & Mutations

You reflexively headbutt those who attack you in melee.
You have a pair of horns on your head.
You have sharp toenails.


Message History

You slash the hornet! x2
* * * LOW HITPOINT WARNING * * *
You feel sick.
The hornet stings you but does no damage. x2
The shambling mangrove hits you!!
* * * LOW HITPOINT WARNING * * *
You take 24 damage, and have 4/175 hp.
Unknown command.
You slash the shambling mangrove!
You destroy the shambling mangrove!
Trog accepts your kill.
The grasping roots settle back into the ground.
You miss the hornet. You slash the hornet!
You feel the power of Trog in you as your rage grows.
You kill the hornet!
Trog accepts your kill.
You have reached level 13!
* * * LOW HITPOINT WARNING * * *
You feel sick. The hornet stings you!
You die...

≈.≈≈≈≈≈≈≈≈≈..♣♣♣♣≈...♣ ♣♣♣.♣♣♣
≈.≈≈≈≈≈§≈≈≈.≈..♣...♣♣ ♣≈...≈♣
......≈≈.≈≈.≈≈..≈≈..♣♣♣♣.♣♣...♣
♣♣♣...<§≈....♣♣♣♣♣......♣♣ .♣♣♣
♣♣♣..†...≈≈.♣♣♣♣.♣♣...♣♣ ♣.
♣..♣≈≈≈≈≈≈≈♣.♣..♣♣♣♣♣..♣ ♣♣
♣...≈≈≈..§≈♣♣..♣♣♣♣..♣♣≈♣
♣♣♣♣...≈≈♣♣♣♣♣.y.♣♣.♣ ♣.♣
♣♣♣♣.≈.♣ ♣♣@♣♣≈♣. .♣ ♣...♣♣≈♣♣
.♣ ♣ ≈≈≈.♣{♣ ♣.♣ ♣$♣♣.♣. . ♣.
♣. .♣ ♣. .. .♣ .. ♣ ≈.


You could see a hornet.

Vanquished Creatures
  Gastronok (Lair:2)
  Kirke (Swamp:1)
  A hydra (Lair:2)
  Erica (D:9)
  The ghost of NormalPerson7 the Zephyrmancer, a journeyman TeAE of Vehumet (D:10)
  A death knight (D:12)
  3 two-headed ogres
  3 death yaks (Lair:3)
  A shambling mangrove (Swamp:1)
  A swamp dragon (Swamp:1)
  A phantasmal warrior (D:12)
  2 centaur zombies
  2 guardian serpents
  3 spiny frogs
  A black mamba (Lair:4)
  A centaur skeleton (D:11)
  2 freezing wraiths (D:12)
  A komodo dragon (Lair:4)
  2 rime drakes
  3 trolls
  Grinder (D:6)
  A slime creature (D:12)
  Prince Ribbit (D:8)
  2 hornets (Swamp:1)
  8 blink frogs (Lair:3)
  2 hippogriffs
  A shadow (D:11)
  A spriggan (Swamp:1)
  A vampire (D:11)
  6 yaks
  2 wyverns (D:12)
  3 hogs (Swamp:1)
  A steam dragon (D:11)
  A basilisk (Lair:3)
  2 vampire mosquitoes (D:12)
  5 swamp worms (Lair:1)
  A warg (D:12)
  4 water moccasins
  5 porcupines
  8 orc warriors
  4 black bears (D:9)
  4 sky beasts
  A phantom (D:8)
  2 ogres
  3 centaurs
  5 crocodiles
  A big kobold (D:11)
  7 bullfrogs
  3 scorpions
  4 wights
  A howler monkey (D:12)
  3 vampire bats (Lair:2)
  An electric eel (Lair:1)
  2 crimson imps
  2 jellies
  5 hounds
  A bullfrog skeleton (D:11)
  3 orc priests
  10 orc wizards
  3 iguanas
  4 worker ants
  Ijyb (D:5)
  2 worker ant zombies
  3 adders
  A shadow imp (D:9)
  2 adder skeletons
  14 worms
  A dart slug (D:2)
  4 leopard geckos
  35 orcs
  9 bats
  2 giant cockroaches
  3 goblins
  A hobgoblin (D:12)
  2 jackals (D:9)
  2 quokkas
  5 kobolds
  A leopard gecko zombie (D:8)
  8 rats
  A fungus (Lair:2)
  3 plants (Lair:1)
257 creatures vanquished.

Vanquished Creatures (others)
  3 fungi (D:9)
  A plant (Lair:1)
4 creatures vanquished.

Grand Total: 261 creatures vanquished

Notes
Turn   | Place    | Note
-------+----------+-------------------------------------------
     0 | D:1      | VajrapaniSR the Minotaur Berserker began the quest for the Orb.
     0 | D:1      | Reached XP level 1. HP: 19/19 MP: 0/0
    85 | D:2      | Inarius: go auto explore, lvl 1 with a minotaur is really easy
    86 | D:2      | VajrapaniSR: this is a speedrun, i'll be diving most of the time
    86 | D:2      | Inarius: oh, ok
   107 | D:2      | murphy: he trieds to win in as few turns as possible
   110 | D:2      | Inarius: I was wondering :)
   155 | D:2      | Reached skill level 4 in Axes
   155 | D:2      | Reached XP level 2. HP: 25/27 MP: 1/1
   172 | D:2      | murphy: this is very different from normal play
   199 | D:2      | Inarius: I saw some games of speedrunning
   229 | D:2      | Inarius: Oh, tell me, murphy, i'd like to try a stealthy game, what do you advise me ?
   233 | D:1      | murphy: charly is speeduning btw
   237 | D:1      | Inarius: race/class ?
   239 | D:1      | murphy: uhm..
   239 | D:1      | murphy: well i would say there are 3
   239 | D:1      | VajrapaniSR: anything that can deal with enemies waking up
   239 | D:1      | VajrapaniSR: and good apts in hexes
   239 | D:1      | murphy: Vp, Sp or Fe
   319 | D:3      | murphy: maybe powermode can give better advice here
   322 | D:3      | murphy: he far more expierenced
   359 | D:3      | Inarius: not merfolk, for example ?
   371 | D:3      | Inarius: and which class ?
   392 | D:3      | Found a radiant altar of Vehumet.
   405 | D:4      | murphy: ah not merfolk
   405 | D:4      | murphy: try Vp i would say
   405 | D:4      | Inarius: ok
   405 | D:4      | murphy: VpEn of dithmenos
   412 | D:3      | Reached XP level 3. HP: 33/33 MP: 2/2
   412 | D:3      | Reached skill level 5 in Axes
   494 | D:4      | Reached XP level 4. HP: 41/41 MP: 3/3
   495 | D:4      | Reached ** piety under Trog
   506 | D:4      | Reached skill level 6 in Axes
   506 | D:4      | Reached XP level 5. HP: 30/47 MP: 4/4
   512 | D:4      | Inarius: Ok :) i just began a Merfolk Skald
   567 | D:4      | murphy: this isn't a super stealthy class
   580 | D:4      | Inarius: no not really
   580 | D:4      | Inarius: i just wanted to try this
   580 | D:4      | VajrapaniSR: it's more reliant on spells
   580 | D:4      | murphy: Vp have +5 apts for stealth
   580 | D:4      | VajrapaniSR: since it has really crappy armour aptitudes
   585 | D:4      | Reached skill level 5 in Fighting
   591 | D:4      | murphy: sure MfSk why not
   603 | D:5      | Entered Level 5 of the Dungeon
   610 | D:5      | Found a glowing silver altar of Zin.
   621 | D:5      | Noticed a sky beast
   631 | D:5      | Killed a sky beast
   631 | D:5      | Reached skill level 7 in Axes
   671 | D:5      | Reached XP level 6. HP: 35/56 MP: 5/5
   707 | D:5      | Noticed Ijyb
   736 | D:5      | Killed Ijyb
   820 | D:6      | Noticed Grinder
   829 | D:6      | Found Wamias's Quality Used Wands.
   856 | D:6      | Killed Grinder
   856 | D:6      | Reached skill level 8 in Axes
   856 | D:6      | Reached XP level 7. HP: 63/63 MP: 6/6
   936 | D:6      | Found a staircase to the Ecumenical Temple.
  1026 | D:7      | Reached skill level 9 in Axes
  1092 | D:7      | Reached XP level 8. HP: 60/73 MP: 7/7
  1209 | D:7      | Reached skill level 10 in Axes
  1288 | D:7      | murphy: there was an axe
  1288 | D:7      | murphy: i think
  1288 | D:7      | murphy: branded
  1288 | D:7      | murphy: ok not
  1306 | D:7      | Got a jewelled ring mail
  1317 | D:7      | Identified the +3 ring mail "Vitt" {rC- rN++ Int+5} (You found it on level 7 of the Dungeon)
  1371 | D:8      | Noticed Prince Ribbit
  1378 | D:8      | Killed Prince Ribbit
  1378 | D:8      | Reached skill level 11 in Axes
  1405 | D:8      | Found a radiant altar of Vehumet.
  1422 | D:8      | Noticed PeterLawrence's ghost (novice MiFi)
  1435 | D:9      | Found a staircase to the Lair.
  1435 | D:9      | Noticed a hippogriff
  1436 | D:9      | murphy: take the hatchnice
  1436 | D:9      | murphy: zerk?
  1436 | D:9      | VajrapaniSR: hm
  1436 | D:9      | murphy: prably best
  1436 | D:9      | VajrapaniSR: most dangerous thing here is the orc warrior
  1436 | D:9      | VajrapaniSR: right?
  1436 | D:9      | murphy: hm..
  1436 | D:9      | murphy: the priest
  1436 | D:9      | murphy: the slime
  1436 | D:9      | VajrapaniSR: k
  1436 | D:9      | murphy: several
  1439 | D:9      | Reached *** piety under Trog
  1443 | D:9      | Reached XP level 9. HP: 81/82 MP: 8/8
  1446 | D:9      | Reached skill level 12 in Axes
  1453 | D:9      | VajrapaniSR: wow
  1453 | D:9      | VajrapaniSR: that's a nice berserk
  1453 | D:9      | murphy: yeah
  1460 | D:9      | murphy: the thing is that u lvl up while zerking
  1469 | D:9      | murphy: try mutations
  1469 | D:9      | murphy: mutation meat there
  1475 | D:9      | Gained mutation: You have sharp toenails. [mutagenic meat]
  1476 | D:9      | murphy: hm..ok
  1476 | D:9      | VajrapaniSR: at least it's not teleporitis
  1476 | D:9      | murphy: y
  1532 | D:9      | Noticed a two-headed ogre
  1534 | D:9      | Reached skill level 13 in Axes
  1539 | D:9      | Killed a two-headed ogre
  1539 | D:9      | Reached skill level 10 in Fighting
  1672 | D:8      | Found a sparkling altar of Nemelex Xobeh.
  1710 | D:8      | You fall through a shaft!
  1711 | D:9      | murphy: u really got some talent for speedruns
  1712 | D:9      | VajrapaniSR: thanks, they are really fun
  1720 | D:9      | Noticed Erica
  1735 | D:9      | Killed Erica
  1735 | D:9      | Reached skill level 14 in Axes
  1735 | D:9      | Reached XP level 10. HP: 94/94 MP: 9/9
  1755 | D:9      | murphy: take the flaming weapoj n
  1767 | D:9      | VajrapaniSR: would it work as a hydra killer?
  1767 | D:9      | murphy: i think yes
  1767 | D:9      | VajrapaniSR: k
  1920 | D:10     | Entered Level 10 of the Dungeon
  2006 | D:11     | Reached **** piety under Trog
  2196 | D:11     | HP: 7/144 [something (15)]
  2197 | D:11     | Reached skill level 15 in Axes
  2304 | D:11     | Noticed a guardian serpent
  2306 | D:11     | murphy: wrughtwow
  2309 | D:11     | murphy: maybe quaff pot
  2309 | D:11     | VajrapaniSR: only got curing
  2309 | D:11     | murphy: hm..
  2309 | D:11     | murphy: i mean
  2309 | D:11     | VajrapaniSR: i think zerk should kill it
  2309 | D:11     | murphy: hm..
  2309 | D:11     | VajrapaniSR: ill use the imp to block it
  2309 | D:11     | murphy: maybe yes
  2318 | D:11     | Killed a guardian serpent
  2319 | D:11     | murphy: ok
  2319 | D:11     | VajrapaniSR: ez
  2536 | D:12     | Noticed a death knight
  2556 | D:12     | Killed a death knight
  2561 | D:12     | Noticed a phantasmal warrior
  2565 | D:12     | Reached XP level 11. HP: 104/104 MP: 10/10
  2570 | D:12     | Killed a phantasmal warrior
  2575 | D:12     | Reached skill level 16 in Axes
  2612 | D:12     | Found a staircase to the Orcish Mines.
  2617 | D:12     | Noticed a two-headed ogre
  2618 | D:12     | Noticed a two-headed ogre
  2648 | D:12     | Killed a two-headed ogre
  2651 | D:12     | Killed a two-headed ogre
  2738 | D:12     | Reached skill level 5 in Armour
  2862 | D:13     | Noticed Sonja
  2862 | D:13     | Noticed Urug
  3011 | D:10     | Noticed NormalPerson7's ghost (journeyman TeAE)
  3026 | D:10     | Killed NormalPerson7's ghost
  3106 | Lair:1   | Entered Level 1 of the Lair of Beasts
  3130 | Lair:1   | of course
  3169 | Lair:1   | Reached skill level 17 in Axes
  3327 | Lair:2   | Found a staircase to the Swamp.
  3330 | Lair:2   | murphy: swamp
  3339 | Lair:2   | VajrapaniSR: hopefully i find a flaming axe
  3562 | Lair:2   | Noticed an eight-headed hydra
  3569 | Lair:2   | Killed a six-headed hydra
  3684 | Lair:3   | Reached XP level 12. HP: 84/115 MP: 11/11
  3716 | Lair:3   | VajrapaniSR: ??snake
  3716 | Lair:3   | beem: snake pit[1/3]: Accessed from the Lair somewhere between levels 3 and 6. Four levels deep. The serpentine rune lies at the bottom, and the greater nagas are renowned for their charm and hospitality. Half of all games contain this branch; the others contain {Spider Nest}.
  3740 | Lair:2   | Noticed Gastronok
  3761 | Lair:2   | Killed Gastronok
  3821 | Lair:3   | murphy: ??trog
  3823 | Lair:3   | beem: trog[1/9]: God of anger and violence. Expects followers to kill constantly in his name; hates magic and all who practice it.
  3837 | Lair:3   | murphy: ??trog[2
  3839 | Lair:3   | beem: trog[2/9]: Grants weapons constantly, with a strong +ench bias, some of which will even be ones you can use. See {weapon acquirement}. 50% of Trog-gifted melee weapons have the antimagic brand.
  3859 | Lair:3   | murphy: hm..
  3859 | Lair:3   | VajrapaniSR: anti-magic would make elf a breeze
  3859 | Lair:3   | murphy: maybe we are just unlucky with gifts
  3859 | Lair:3   | murphy: it's also good in snakes
  3878 | Lair:3   | Noticed a death yak
  3882 | Lair:3   | murphy: and every place later
  3886 | Lair:3   | Killed a death yak
  3889 | Lair:3   | Noticed a death yak
  3890 | Lair:3   | Noticed a death yak
  3896 | Lair:3   | Killed a death yak
  3900 | Lair:3   | Killed a death yak
  3900 | Lair:3   | Reached skill level 18 in Axes
  4100 | Lair:4   | Reached ***** piety under Trog
  4121 | Lair:4   | murphy: nice zerk
  4122 | Lair:4   | murphy: btw
  4122 | Lair:4   | murphy: charly:
  1248 | Orc:1    | Entered Level 1 of the Orcish Mines
  4122 | Lair:4   | VajrapaniSR: crazy
  4122 | Lair:4   | VajrapaniSR: one sec, i have to see that game
  4122 | Lair:4   | murphy: nah it's not crazy
  4127 | Lair:4   | murphy: i wonder why he went to orc
  4127 | Lair:4   | VajrapaniSR: maybe he'll immediately do elf
  4127 | Lair:4   | murphy: he had no money to buy anything
  4127 | Lair:4   | VajrapaniSR: and then try for roxanne
  4127 | Lair:4   | murphy: no he left orc already
  4150 | Lair:4   | VajrapaniSR: oh
  4179 | Lair:4   | Found a staircase to the Snake Pit.
  4188 | Lair:4   | murphy: but he is trying for 15 runes anyways
  4188 | Lair:4   | murphy: and he plays 0.17
  4188 | Lair:4   | VajrapaniSR: swamp & snake
  4188 | Lair:4   | murphy: so who cares
  4188 | Lair:4   | murphy: hm.
  4188 | Lair:4   | murphy: this can be very good
  4188 | Lair:4   | VajrapaniSR: ok, i guess ill go to swamp
  4188 | Lair:4   | VajrapaniSR: for SDA
  4188 | Lair:4   | murphy: hm..
  4188 | Lair:4   | murphy: ok
  4291 | Lair:2   | murphy: do u have scrolls?
  4294 | Swamp:1  | Entered Level 1 of the Swamp
  4294 | Swamp:1  | Noticed Kirke
  4295 | Swamp:1  | murphy: maybe one is brand weapon
  4295 | Swamp:1  | murphy: ok nvm
  4295 | Swamp:1  | murphy: all are id
  4295 | Swamp:1  | murphy: go out
  4302 | Lair:2   | murphy: eat
  4303 | Lair:2   | murphy: zerk then go in
  4314 | Swamp:1  | murphy: out
  4317 | Lair:2   | murphy: bread swing
  4318 | Lair:2   | murphy: until u can zerk again
  4318 | Lair:2   | VajrapaniSR: one sec
  4318 | Lair:2   | VajrapaniSR: it keeps switching me to my other tab
  4318 | Lair:2   | VajrapaniSR: weird
  4389 | Lair:2   | VajrapaniSR: ?barbs
  4389 | Lair:2   | VajrapaniSR: ??barbs
  4389 | Lair:2   | beem: manticore[1/4]: Late-D and Shoals threat. Good melee, can fling barbs, which deal damage with every movement when embedded into a target. Moving enough or standing still for bit will remove the status.
  4389 | Lair:2   | murphy: maybe just wait
  4390 | Swamp:1  | murphy: .
  4390 | Swamp:1  | murphy: .
  4390 | Swamp:1  | VajrapaniSR: only kirk is left
  4390 | Swamp:1  | murphy: press .
  4390 | Swamp:1  | VajrapaniSR: oh
  4394 | Lair:2   | murphy: ah ok
  4404 | Swamp:1  | Killed Kirke
  4463 | Swamp:1  | HP: 4/175 [shambling mangrove (22)]
  4464 | Swamp:1  | Reached XP level 13. HP: 4/124 MP: 12/12
  4464 | Swamp:1  | Slain by a hornet

Skill      XL: |  1  2  3  4  5  6  7  8  9 10 11 12 |
---------------+-------------------------------------+-----
Axes           | 4 5 6 7 8 9 11 14 15 17 18 | 18.9
Fighting       | 4 5 6 7 8 10 11 13 14 | 14.2
Armour         | 3 7 9 |  9.4
Dodging        | |  2.1

Action                   |  1- 3 |  4- 6 |  7- 9 | 10-12 | 13-15 || total
-------------------------+-------+-------+-------+-------+-------++-------
Melee: Hand axe          |    45 |    22 |       |       |       ||    67
       Headbutt          |     5 |    11 |    25 |    84 |       ||   125
       War axe           |       |    33 |    91 |       |       ||   124
       Battleaxe         |       |       |    35 |   424 |       ||   459
       Scimitar          |       |       |       |     2 |       ||     2
Invok: Berserk           |     4 |     4 |     8 |    17 |       ||    33
       Trog's Hand       |       |       |     3 |    11 |       ||    14
Evoke: Wand              |       |       |     1 |     5 |       ||     6
  Use: Scroll            |       |     2 |     3 |    17 |       ||    22
  Eat: Chunk             |     2 |     4 |    12 |    27 |       ||    45
       Fruit             |       |       |     1 |     2 |       ||     3
       Royal jelly       |       |       |       |     1 |       ||     1
Armor: Chain mail        |     7 |       |       |       |       ||     7
       Plate armour      |    31 |    32 |    88 |   241 |       ||   392
Dodge: Dodged            |    28 |    14 |    56 |   144 |       ||   242
